 Dungeon Crawl Stone Soup version 0.21-a0-331-gfb491b4 (webtiles) character file.

669 Cecky the Spear-Bearer (level 7, -4/55 HPs)
             Began as a Merfolk Gladiator on Oct 3, 2017.
             Was an Initiate of Wu Jian.
             Slain by an ice beast (9 damage)
             ... on level 5 of the Dungeon.
             The game lasted 00:12:54 (5345 turns).

Cecky the Spear-Bearer (Merfolk Gladiator)          Turns: 5345, Time: 00:12:55

Health: -4/55      AC:  9    Str: 16    XL:     7   Next: 58%
Magic:  7/7        EV:  9    Int:  7    God:    Wu Jian [......]
Gold:   195        SH:  0    Dex: 16    Spells: 6/6 levels left

rFire    . . .     SeeInvis .   a - +0 trident
rCold    . . .     Gourm    .   (no shield)
rNeg     . . .     Faith    .   g - +0 chain mail
rPois    .         Spirit   .   c - +0 helmet
rElec    .         Reflect  .   (no cloak)
rCorr    .         Harm     .   (no gloves)
MR       .....                  (no boots)
Stlth    ..........             (no amulet)
HPRegen  0.18/turn              (no ring)
MPRegen  0.10/turn              (no ring)

@: no status effects
A: change form in water, swift swim, stealthy swim
a: Renounce Religion


You were on level 5 of the Dungeon.
You worshipped Wu Jian.
Wu Jian was noncommittal.
You were not hungry.

You visited 2 branches of the dungeon, and saw 7 of its levels.

You collected 195 gold pieces.

Inventory:

Hand Weapons
 a - a +0 trident (weapon)
Missiles
 d - 3 throwing nets (quivered)
Armour
 c - a +0 helmet (worn)
 g - a +0 chain mail (worn)
Jewellery
 b - an uncursed amulet of regeneration {unknown}
 w - a +2 ring of evasion {unknown}
Wands
 C - a wand of flame (23/48)
 D - a wand of enslavement (6/24)
 E - a wand of random effects (15/48)
Scrolls
 h - 2 scrolls of teleportation {unknown}
 j - a scroll of fear {unknown}
 k - a scroll of enchant weapon {unknown}
 l - a scroll of magic mapping {unknown}
 m - a scroll of identify {unknown}
 n - a scroll of blinking {unknown}
 s - a scroll of enchant armour {unknown}
 y - 2 scrolls of remove curse {unknown}
 B - a scroll of amnesia {unknown}
Potions
 e - 2 potions of haste {unknown}
 i - 3 potions of curing {unknown}
 o - a potion of lignification {unknown}
 p - a potion of agility
 r - a potion of invisibility {unknown}
 t - a potion of might {unknown}
 u - a potion of degeneration {unknown}
 v - a potion of resistance {unknown}
Books
 q - a book of Cantrips

   Spells                             Type                      Level
   a - Confusing Touch                Hexes                        1
   b - Animate Skeleton               Necromancy                   1
   c - Summon Small Mammal            Summoning                    1
   d - Apportation                    Translocation                1
Comestibles
 f - a bread ration
 x - a meat ration
 z - 2 royal jellies
 A - 10 fruits


   Skills:
 + Level 4.7 Fighting
 + Level 10.0 Polearms
 - Level 2.0 Throwing
 - Level 0.3 Armour
 + Level 5.3 Dodging
 - Level 0.2 Stealth


You had 6 spell levels left.
You didn't know any spells.

Dungeon Overview and Level Annotations

Branches:
Dungeon (6/15)             Temple (1/1) D:4

Altars:
Cheibriados
Elyvilon
Gozag
Hepliaklqana
Makhleb
Nemelex Xobeh
Okawaru
Qazlal
Ru
Sif Muna
Trog
Vehumet
Wu Jian
Xom
Zin

Annotations:
D:4 ontamu's ghost, novice GnSk
D:5 Dowan; Prince Ribbit


Message History

Dowan hits you but does no damage.
You barely miss the ice beast.
The ice beast is severely wounded.
Dowan hits you but does no damage. The ice beast closely misses you.
Your chain mail prevents you from hitting the ice beast.
The ice beast is severely wounded.
Dowan barely misses you.
The ice beast hits you but does no damage.
Dowan hits you but does no damage.
You hit the ice beast but do no damage.
The ice beast is severely wounded.
The ice beast barely misses you. Dowan casts a spell at you.
The stone arrow hits you!
* * * LOW HITPOINT WARNING * * *
Unknown command.
Dowan hits you but does no damage. The ice beast hits you.
* * * LOW HITPOINT WARNING * * *
The ice beast freezes you!
You die...

### ....#.# # #.#.#.#
.##.#.#.# ...#.#.#
#####.#.#.###
........#...#
########....##.######
...............e@Y..#
#.##.###.#..#.####.#
#......#.#..#.# #.#
#....#.#..<.#.# #.#
##.#.#.######.# #.#
#.#..........# #.#
###.#.#.######## #e#
.....o..# #.#
###.#.#.# #.#


You could see an ice beast and Dowan.

Vanquished Creatures
  Duvessa (D:5)
  An ogre (D:5)
  A phantom (D:3)
  2 scorpions (D:4)
  A crimson imp (D:5)
  2 hounds (D:4)
  An orc wizard (D:4)
  A bullfrog skeleton (D:4)
  Terence (D:2)
  2 adders (D:2)
  An ooze (D:4)
  2 worms
  2 dart slugs (D:1)
  5 leopard geckos
  10 orcs
  3 giant cockroaches
  3 goblins
  11 hobgoblins
  7 jackals
  3 quokkas
  9 bats
  4 frilled lizards
  6 kobolds
  6 rats
85 creatures vanquished.

Notes
Turn   | Place    | Note
-------+----------+-------------------------------------------
     0 | D:1      | Cecky the Merfolk Gladiator began the quest for the Orb.
     0 | D:1      | Reached XP level 1. HP: 16/16 MP: 1/1
    61 | D:1      | Reached XP level 2. HP: 22/22 MP: 2/2
   348 | D:1      | Reached skill level 5 in Polearms
   583 | D:1      | Reached XP level 3. HP: 28/28 MP: 3/3
  1661 | D:2      | Reached XP level 4. HP: 25/34 MP: 4/4
  2031 | D:2      | Noticed Terence
  2051 | D:2      | Killed Terence
  2051 | D:2      | Reached skill level 6 in Polearms
  2865 | D:3      | Reached XP level 5. HP: 41/41 MP: 5/5
  3310 | D:4      | Noticed a phantom
  3320 | D:4      | Reached skill level 5 in Dodging
  3396 | D:3      | Killed a phantom
  3396 | D:3      | Reached skill level 7 in Polearms
  3758 | D:4      | Reached XP level 6. HP: 44/47 MP: 6/6
  3766 | D:4      | Found a radiant altar of Vehumet.
  3797 | D:4      | Reached skill level 8 in Polearms
  3988 | D:4      | Noticed ontamu's ghost (novice GnSk)
  4318 | D:4      | Found a staircase to the Ecumenical Temple.
  4327 | Temple   | Entered the Ecumenical Temple
  4341 | Temple   | Became a worshipper of the Wu Jian Council
  4383 | D:4      | Reached skill level 9 in Polearms
  4383 | D:4      | Reached XP level 7. HP: 50/54 MP: 7/7
  4435 | D:5      | Entered Level 5 of the Dungeon
  4814 | D:5      | Noticed Prince Ribbit
  5285 | D:5      | Noticed Duvessa
  5285 | D:5      | Noticed Dowan
  5325 | D:5      | Killed Duvessa
  5325 | D:5      | Reached skill level 10 in Polearms
  5345 | D:5      | Slain by an ice beast

Vault maps used:
D:1:      tarquinn_simple_flora_water_d
D:2:      uniq_terence
D:4:      minmay_temple_entry_junction, bh_chokoban, vehumet_altar_wand_db
D:5:      first_bread, bloody_trog, uniq_prince_ribbit1, uniq_duvessa
D:6:      grunt_tough_drop
Temple:   dpeg_three_leaves_temple

Skill      XL: |  1  2  3  4  5  6  7 |
---------------+----------------------+-----
Polearms       | 5 6 7 9 10 | 10.0
Fighting       | 3 4 |  4.7
Dodging        | 5 |  5.3
Throwing       | |  2.0
Armour         | |  0.3
Stealth        | |  0.2

Action                   |  1- 3 |  4- 6 |  7- 9 || total
-------------------------+-------+-------+-------++-------
Melee: Trident           |   140 |   258 |    76 ||   474
 Stab: Sleeping          |     1 |       |       ||     1
  Eat: Chunk             |     2 |     1 |     1 ||     4
       Bread ration      |       |     2 |     1 ||     3
Armor: Leather armour    |    34 |       |       ||    34
       Ring mail         |     8 |     4 |       ||    12
       Chain mail        |       |    88 |    37 ||   125
Dodge: Dodged            |   107 |    85 |    26 ||   218

Table legend:
 A = Spawn XP
 B = Non-spawn XP
 C = Spawn XP percentage of total XP
 D = Spawn monster count
 E = Non-spawn monster count
 F = Spawn count percentage of total count
 G = Total turns spent on level
                    A         B        C        D         E        F      G
               +---------+---------+-------+---------+---------+-------+---------
         Total |       0 |     957 |   0.0 |       0 |      85 |   0.0 |  5345
               +---------+---------+-------+---------+---------+-------+---------
           D:1 |       0 |      44 |   0.0 |       0 |      24 |   0.0 |  1080
           D:2 |       0 |     101 |   0.0 |       0 |      23 |   0.0 |  1408
           D:3 |       0 |     148 |   0.0 |       0 |      13 |   0.0 |  1497
           D:4 |       0 |     341 |   0.0 |       0 |      17 |   0.0 |   825
           D:5 |       0 |     323 |   0.0 |       0 |       8 |   0.0 |   508
               +---------+---------+-------+---------+---------+-------+---------
